 Dungeon Crawl Stone Soup version 0.30.1-4-g462c640d31 (webtiles) character file.

Game seed: 987659272294896749

26965 croobank the Spry (level 13, -28/58 (64) HPs)
             Began as a Felid Summoner on Sept 6, 2023.
             Was an Initiate of Gozag.
             Killed from afar by an orc sorcerer (34 damage)
             ... with a bolt of negative energy
             ... led by an orc knight
             ... on level 1 of the Orcish Mines.
             The game lasted 02:02:35 (34302 turns).

croobank the Spry (Felid Summoner)                 Turns: 34302, Time: 02:02:35

HP:   -28/58 (64)   AC:  3    Str:  4    XL:     13   Next: 1%
MP:   1/29          EV: 43    Int: 22    God:    Gozag
Gold: 2349          SH:  0    Dex: 16    Spells: 11/34 levels left
                                        Lives: 0   Deaths: 3

rFire   + . .        (weapon unavailable)
rCold   + . .        (shield unavailable)
rNeg    . . .        (body armour unavailable)
rPois   .            (helmet unavailable)
rElec   +            (cloak unavailable)
rCorr   .            (gloves unavailable)
SInv    +            (boots unavailable)
Will    +....        m - amulet of the acrobat
Stlth   ++           y - ring of wizardry
HPRegen 0.29/turn    c - ring "Trusted Companion" {rElec rF+}
MPRegen 0.21/turn

%: acrobat, wizardry (x1)
@: gold aura, acrobatic, drained, quick
A: very small, claws 1, fangs 3, see invisible, speed 1, shaggy fur 3, stealthy
paws, no weapons or thrown items, no armour, multi-lived
a: Renounce Religion, Potion Petition, Call Merchant, Bribe Branch


You were on level 1 of the Orcish Mines.
You worshipped Gozag.
Gozag was most pleased with you.
You visited 4 branches of the dungeon, and saw 21 of its levels.
You also visited: Sewer.

You collected 6016 gold pieces.
You spent 210 gold pieces at shops.
You paid 3457 gold pieces to Gozag.

Inventory:

Jewellery
 c - the ring "Trusted Companion" (right paw) {rElec rF+}
   (You found it on level 6 of the Dungeon)

   [ring of protection from fire]

   rF:        It protects you from fire.
   rElec:     It insulates you from electricity.
 i - a ring of protection from cold
 l - a ring of magical power
 m - an amulet of the acrobat (around neck)
 p - a ring of wizardry
 x - an amulet of guardian spirit
 y - a ring of wizardry (left paw)
 E - a ring of positive energy
Wands
 a - a wand of charming (8)
 e - a wand of flame (24)
 k - a wand of polymorph (4)
 t - a wand of mindburst (9)
Scrolls
 b - 6 scrolls of immolation
 f - 2 scrolls of silence
 n - 4 scrolls of teleportation
 v - 8 scrolls of identify
 w - 2 scrolls of amnesia
 A - 4 scrolls of fog
 B - 3 scrolls of magic mapping
 C - a scroll of torment
Potions
 d - a potion of heal wounds
 g - 2 potions of might
 h - a potion of brilliance
 j - 2 potions of flight
 o - 3 potions of curing
 q - 5 potions of mutation
 r - a potion of resistance
Miscellaneous
 z - a phial of floods


   Skills:
 + Level 12.1 Fighting
 + Level 15.8 Dodging
 - Level 3.0 Stealth
 + Level 11.0 Spellcasting
 - Level 5.0 Hexes
 + Level 11.2 Summonings
 - Level 10.0 Translocations
 - Level 3.0 Fire Magic
 - Level 7.0 Air Magic
 - Level 3.0 Poison Magic


You had 11 spell levels left.
You knew the following spells:

 Your Spells              Type           Power      Damage    Failure   Level
a - Summon Small Mammal   Summ           100%       N/A       1%          1
b - Call Imp              Summ           100%       N/A       1%          2
c - Call Canine Familiar  Summ           57%        N/A       1%          3
d - Summon Guardian Gole  Hex/Summ       47%        N/A       1%          3
e - Summon Lightning Spi  Summ/Air       51%        N/A       1%          4
f - Summon Forest         Summ/Tloc      28%        N/A       1%          5
i - Inner Flame           Hex/Fire       29%        N/A       1%          3
p - Poisonous Vapours     Pois/Air       68%        N/A       1%          2

Your spell library contained the following spells:

 Spells                   Type           Power      Damage    Failure   Level
 Slow                     Hex            100%       N/A       1%          1
 Sting                    Tmut/Pois      72%        1d6       1%          1
 Confusing Touch          Hex            34%        N/A       1%          3
 Gell's Gravitas          Tloc           54%        N/A       1%          3
 Mephitic Cloud           Conj/Pois/Air  26%        N/A       1%          3
 Beastly Appendage        Tmut           24%        N/A       2%          1
 Kiss of Death            Conj/Necr      48%        2d9       2%          1
 Magic Dart               Conj           48%        1d5       2%          1
 Ignite Poison            Fire/Tmut/Pois 20%        N/A       2%          3
 Iskenderun's Mystic Bla  Conj/Tloc      34%        2d8       2%          4
 Searing Ray              Conj           24%        2d5       3%          2
 Spider Form              Tmut/Pois      18%        N/A       3%          3
 Ozocubu's Armour         Ice            12%        N/A       6%          3
 Vampiric Draining        Necr           12%        2d6       6%          3
 Olgreb's Toxic Radiance  Pois           25%        N/A       6%          4
 Dispersal                Tloc           27%        N/A       6%          6
 Anguish                  Hex/Necr       11%        N/A       8%          4
 Fulminant Prism          Conj/Hex       11%        3d8       8%          4
 Leda's Liquefaction      Hex/Erth       11%        N/A       8%          4
 Metabolic Englaciation   Hex/Ice        11%        N/A       21%         5
 Freezing Cloud           Conj/Ice/Air   11%        6-21      22%         5
 Malign Gateway           Summ/Tloc      28%        N/A       24%         7
 Alistair's Intoxication  Tmut/Pois      12%        N/A       32%         5
 Fireball                 Conj/Fire      9%         3d6       32%         5
 Agony                    Necr           12%        N/A       50%         5
 Borgnjor's Vile Clutch   Necr/Erth      6%         N/A       50%         5
 Iskenderun's Battlesphe  Conj           12%        2d7       50%         5
 Conjure Ball Lightning   Conj/Air       13%        3x3d6     58%         6
 Disjunction              Tloc           27%        N/A       90%         8
 Death Channel            Necr           6%         N/A       96%         6
 Storm Form               Tmut/Air       13%        N/A       98%         7
 Orb of Destruction       Conj           6%         9d6       100%        7
 Fire Storm               Conj/Fire      9%         8d2       100%        9
 Portal Projectile        Hex/Tloc       Unusable   N/A       N/A         3
 Animate Dead             Necr           Unusable   N/A       N/A         4
 Simulacrum               Ice/Necr       Unusable   N/A       N/A         6

Dungeon Overview and Level Annotations

Branches:
Dungeon (13/15)            Temple (1/1) D:6            Lair (5/5) D:9
  Swamp (0/4) Lair:2       Spider (0/4) Lair:2        Slime (0/5) Lair:4
    Orc (2/2) D:12            Elf (0/3) Orc:2         Sewer (visited)
 Vaults: D:13-14

Altars:
Gozag
Okawaru
Ru
Trog
Wu Jian
Jiyva

Shops:
D:10 ?   Orc:1 :


Innate Abilities, Weirdness & Mutations

You have sharp claws.
You have razor-sharp teeth.
You have supernaturally acute eyesight. (SInv)
You cover ground quickly. (Speed+)
Your thick and shaggy fur keeps you warm. (AC +3, rC+)
Your paws help you pounce on unaware monsters.
You are incapable of wielding weapons or throwing items.
You cannot wear armour.
You gain extra lives every three experience levels.


Message History

Press: ? - help, Dir - move target, f - orc sorcerer
Aim: an orc sorcerer, wielding a +0 dagger and wearing a +2 robe (strong, ally target) Attack!
The soul eater is engulfed in blazing flames.
The orc sorcerer completely misses your guardian golem.
The ynoxinul gestures.
You swap places.
The ufetubus is engulfed in blazing flames.
The ufetubus dies!
The ufetubus disappears in a puff of smoke!
The orc sorcerer gestures at you while chanting.
The bolt of fire misses you.
The bolt of fire hits your lightning spire.
Your lightning spire resists.
The soul eater draws from the surrounding life force!
The soul eater is healed.
The ufetubus is distracted by your dazzling golden aura.
The ufetubus is no longer distracted by gold.
The orc sorcerer mumbles some strange words.
The ufetubus hits your lightning spire.
The ufetubus hits your lightning spire but does no damage.
The ynoxinul gestures.
Your lightning spire shoots out a bolt of lightning at the orc sorcerer!
The bolt of electricity hits the soul eater!
The bolt of electricity hits the orc sorcerer!
The bolt of electricity hits the ufetubus!
The ufetubus dies!
The ufetubus disappears in a puff of smoke!
The ufetubus hits your lightning spire but does no damage.
The ufetubus barely misses your lightning spire.
The soul eater draws from the surrounding life force!
* * * LOW HITPOINT WARNING * * *
The soul eater is healed.
The orc sorcerer gestures at you while chanting.
The bolt of negative energy hits your guardian golem.
Your guardian golem completely resists.
The bolt of negative energy hits you!!
You feel drained.
Ouch! That really hurt!
You die...
Your body crumbles into a pile of gold.

## ###....[.$...$$..... .#
########.$##......##.##....
.###....#.#..)#...§§## ## .
..#.....##.)).).355§.#
..#.........[.)§.3§§.###
#....#....)#....o#.....#
............[...93$5.###
..................8.## #
..#.....#.....#.@.### ##
.#####.###.###.....#.## #.
## #.## ####.........# ###.
# ## #.....##..## #...
##....# ...# ###. ##....
..## #. ##...# ## ## ##.##
# ###


You could see 2 soul eaters, a ynoxinul (summoned), an orc sorcerer (strong,
ally target), 3 ufetubi, a friendly guardian golem (summoned) and a friendly
lightning spire (summoned, sheltered).

Vanquished Creatures
  A centaur warrior (D:11)
  2 two-headed ogres
  A boulder beetle (D:12)
  4 death yaks (Lair:5)
  Sonja (Lair:1)
  A skyshark (Lair:5)
  Lodul (D:12)
  2 lindwurms (Lair:5)
  A bog body (Lair:2)
  An orc knight (Orc:2)
  A deep elf pyromancer (D:12)
  2 orc sorcerers (Orc:1)
  A cyclops (D:12)
  An ice statue (D:10)
  A gargoyle (D:11)
  A molten gargoyle (Lair:5)
  4 cane toads
  A rime drake (Lair:1)
  6 komodo dragons
  3 kobold demonologists
  4 trolls
  A polar bear (Lair:5)
  5 blink frogs
  4 dream sheep (Lair:4)
  3 jumping spiders (Lair:2)
  2 wraiths
  14 yaks
  3 wyverns
  3 basilisks
  A steam dragon (Lair:5)
  2 wargs (Orc:1)
  A swamp worm (Lair:2)
  3 acid dragons
  4 water moccasins
  11 orc warriors
  4 ogres
  9 wolves
  A kobold brigand (D:7)
  8 bullfrogs
  A wight (D:8)
  4 howler monkeys
  An electric eel (Lair:2)
  2 jellies (Lair:4)
  4 orc priests
  4 orc wizards
  3 gnolls (D:11)
  30 orcs
  2 bats
  2 endoplasms
  A giant cockroach (Sewer)
  3 goblins
  A hobgoblin (D:2)
  2 kobolds
  2 quokkas
  2 frilled lizards
  A butterfly (Lair:1)
184 creatures vanquished.

Vanquished Creatures (collateral kills)
  A fire dragon (Lair:5)
  Erolcha (D:12)
  A boulder beetle (D:11)
  2 death yaks
  An orc high priest (Orc:1)
  A pharaoh ant (Lair:2)
  A lindwurm (Lair:5)
  A bog body (Lair:2)
  An orc knight (Orc:1)
  A cyclops (D:11)
  A manticore (D:12)
  2 torpor snails
  7 black mambas
  4 cane toads
  2 molten gargoyles (Lair:5)
  3 komodo dragons (Lair:5)
  Grinder (D:4)
  2 hornets
  3 trolls
  4 blink frogs
  Prince Ribbit (D:6)
  4 dream sheep (Lair:5)
  Sigmund (D:2)
  2 slime creatures
  18 yaks
  2 wyverns
  A shadow (D:11)
  A wraith (D:11)
  3 steam dragons
  A swamp worm (Lair:2)
  A warg (Orc:2)
  4 water moccasins
  5 hell hounds (Lair:5)
  3 acid dragons
  2 orc warriors
  2 sky beasts
  5 wolves
  6 ogres
  3 centaurs
  A kobold brigand (D:11)
  A nameless horror (D:6)
  8 bullfrogs
  3 scorpions
  A gnoll sergeant (D:11)
  10 wights
  5 killer bees (D:10)
  3 howler monkeys
  5 lava snakes (Lair:5)
  11 orc priests
  2 hounds
  2 jellies
  2 sleepcaps
  3 iguanas
  13 orc wizards
  Robin (D:2)
  13 gnolls
  9 adders
  2 white imps (D:5)
  An ufetubus (D:5)
  3 worms
  35 orcs
  7 ball pythons
  11 endoplasms
  12 giant cockroaches
  12 goblins
  8 hobgoblins
  8 jackals
  6 kobolds
  7 quokkas
  2 bats
  10 frilled lizards
  A rat (D:1)
323 creatures vanquished.

Vanquished Creatures (others)
  Rupert (Lair:5)
  Frances (D:12)
  A hydra (Lair:5)
  2 death yaks (D:9)
  2 orc knights (Orc:1)
  2 cane toads
  A troll (D:11)
  A blink frog (Lair:4)
  6 yaks
  A steam dragon (Lair:5)
  A swamp worm (Lair:2)
  A water moccasin (D:6)
  2 orc warriors
  3 ice beasts
  3 ogres
  A centaur (D:6)
  A bullfrog (D:6)
  A gnoll sergeant (D:8)
  9 wights
  A killer bee (D:10)
  2 orc priests (Orc:1)
  A shadow imp (D:6)
  A kobold (D:11)
  2 snaplasher vines (Lair:5)
47 creatures vanquished.

Grand Total: 554 creatures vanquished

Notes
Turn   | Place    | Note
-------+----------+-------------------------------------------
     0 | D:1      | croobank the Felid Summoner began the quest for the Orb.
     0 | D:1      | Reached XP level 1. HP: 7/7 MP: 4/4
    18 | D:1      | You fall into a shaft and drop 1 floor!
   219 | D:1      | Reached XP level 2. HP: 11/11 MP: 3/6
   222 | D:1      | Learned a level 2 spell: Call Imp
   338 | D:1      | Reached skill level 3 in Dodging
   617 | D:1      | Got the Discursus on Transformation and the Compass
   836 | D:2      | Reached skill level 1 in Fighting
   836 | D:2      | Reached XP level 3. HP: 15/15 MP: 2/7
   840 | D:2      | Learned a level 3 spell: Call Canine Familiar
  1029 | D:2      | Noticed Robin
  1105 | D:2      | Killed Robin
  1109 | D:2      | Reached XP level 4. HP: 19/19 MP: 1/8
  1535 | D:2      | Noticed Sigmund
  1559 | D:2      | Noticed a nameless horror
  1689 | D:3      | Reached skill level 4 in Dodging
  2043 | D:3      | Found a glowing drain.
  2078 | Sewer    | Entered a sewer
  2217 | Sewer    | Reached XP level 5. HP: 22/22 MP: 10/10
  2498 | Sewer    | Got the Octavo of Combustion
  3032 | D:3      | Got Hyfihyme's Thoughts on Electrocution and Effluvium
  3049 | D:3      | Reached skill level 5 in Summonings
  3136 | D:3      | Learned a level 3 spell: Summon Guardian Golem
  3171 | D:3      | Gained mutation: You are covered in thick fur. (AC +2)
                  | [Felid growth]
  3171 | D:3      | Reached XP level 6. HP: 27/27 MP: 5/12
  3386 | D:2      | Killed Sigmund
  3387 | D:2      | Reached skill level 5 in Dodging
  3387 | D:2      | Reached skill level 1 in Hexes
  3535 | D:2      | Found an ornate altar of the Wu Jian Council.
  3652 | D:4      | Noticed Grinder
  3685 | D:4      | Paralysed by Grinder for 5 turns
  3691 | D:4      | Killed Grinder
  3692 | D:4      | Reached XP level 7. HP: 22/31 MP: 4/13
  4712 | D:4      | Reached skill level 6 in Dodging
  4856 | D:4      | Identified the +5 war axe "Emontoni" {freeze, Str+5}
  5316 | D:5      | Entered Level 5 of the Dungeon
  5445 | D:5      | Reached XP level 8. HP: 36/36 MP: 8/15
  5456 | D:5      | Learned a level 4 spell: Summon Lightning Spire
  6222 | D:6      | Reached skill level 1 in Air Magic
  6243 | D:6      | Shot with an arrow by a centaur
  6244 | D:6      | Reached XP level 7. HP: 0/33 MP: 8/14
  6462 | D:6      | Found a staircase to the Ecumenical Temple.
  6494 | Temple   | Entered the Ecumenical Temple
  6501 | Temple   | Became a worshipper of Gozag Ym Sagoz the Greedy
  6530 | D:6      | Noticed a steam dragon
  6542 | D:6      | Killed a steam dragon
  6543 | D:6      | Reached skill level 7 in Dodging
  6543 | D:6      | Reached skill level 5 in Hexes
  6549 | D:6      | Noticed a nameless horror
  6553 | D:6      | Reached skill level 5 in Spellcasting
  6553 | D:6      | Reached XP level 8. HP: 36/36 MP: 0/16
  6852 | D:6      | Reached skill level 5 in Fighting
  7358 | D:6      | Noticed Prince Ribbit
  7362 | D:6      | Killed Prince Ribbit
  7467 | D:6      | Identified the ring "Trusted Companion" {rElec rF+}
  7574 | D:6      | Found a sacrificial altar of Ru.
  7729 | D:7      | Reached skill level 8 in Dodging
  7816 | D:7      | Learned a level 2 spell: Poisonous Vapours
  7820 | D:7      | Learned a level 3 spell: Inner Flame
  7958 | D:7      | Reached XP level 9. HP: 8/40 MP: 3/18
  8632 | D:7      | Reached skill level 1 in Poison Magic
  8716 | D:7      | Reached skill level 1 in Fire Magic
  8915 | D:7      | Noticed a kobold demonologist
  9280 | D:7      | Killed a kobold demonologist
  9667 | D:7      | Reached skill level 9 in Dodging
 10134 | D:8      | Reached XP level 10. HP: 43/44 MP: 12/20
 11361 | D:8      | Identified a scroll of acquirement
 11793 | D:9      | Noticed a soul eater
 11889 | D:9      | Acquired Fiech's Catalogue of the Topological Undead
 12117 | D:9      | Noticed a death yak
 12137 | D:9      | Killed a death yak
 12137 | D:9      | Noticed a death yak
 12268 | D:9      | Reached skill level 5 in Air Magic
 12286 | D:9      | Reached skill level 10 in Dodging
 12310 | D:9      | Killed a death yak
 12552 | D:9      | Found a staircase to the Lair.
 12799 | D:9      | Noticed a death yak
 12825 | D:9      | Killed a death yak
 12826 | D:9      | Reached XP level 11. HP: 50/50 MP: 7/22
 13593 | D:10     | Entered Level 10 of the Dungeon
 13812 | D:10     | Noticed a two-headed ogre
 13817 | D:10     | Killed a two-headed ogre
 14110 | D:10     | Found Acsunic's Magic Scroll Shoppe.
 14118 | D:10     | Bought a scroll of identify for 24 gold pieces
 14118 | D:10     | Bought a scroll of magic mapping for 90 gold pieces
 14118 | D:10     | Bought a scroll of fog for 48 gold pieces
 14118 | D:10     | Bought a scroll of fog for 48 gold pieces
 15156 | D:11     | Noticed a two-headed ogre
 15166 | D:11     | Killed a two-headed ogre
 15293 | D:11     | Noticed a boulder beetle
 15296 | D:11     | Reached skill level 11 in Dodging
 15298 | D:11     | Noticed a centaur warrior
 16044 | D:11     | Killed a centaur warrior
 16421 | D:11     | Killed a boulder beetle
 17106 | D:12     | Noticed Lodul
 17111 | D:12     | Killed Lodul
 17112 | D:12     | Gained mutation: Your thick and shaggy fur keeps you warm.
                  | (AC +3, rC+) [Felid growth]
 17112 | D:12     | Reached XP level 12. HP: 56/56 MP: 5/25
 17115 | D:12     | Noticed Frances
 17119 | D:12     | Noticed Erolcha
 17315 | D:12     | Killed Erolcha
 17527 | D:12     | Reached skill level 12 in Dodging
 17655 | D:12     | Killed Frances
 17656 | D:12     | Reached skill level 10 in Summonings
 18274 | D:12     | Noticed a boulder beetle
 18279 | D:12     | Killed a boulder beetle
 18403 | D:12     | Found a staircase to the Orcish Mines.
 18859 | Lair:1   | Entered Level 1 of the Lair of Beasts
 19052 | Lair:1   | Noticed Sonja
 19065 | Lair:1   | Killed Sonja
 19459 | Lair:1   | Reached skill level 13 in Dodging
 19611 | Lair:1   | Reached skill level 10 in Fighting
 21389 | Lair:2   | Found a hole to the Spider Nest.
 21441 | Lair:2   | Reached XP level 13. HP: 48/62 MP: 4/27
 22181 | Lair:2   | Reached skill level 10 in Spellcasting
 22452 | Lair:2   | Identified the +5 ring mail of Agnosticism {Rampage Drain
                  | Will+++ Slay+3}
 22842 | Lair:2   | Reached skill level 14 in Dodging
 22953 | Lair:2   | Found a staircase to the Swamp.
 24581 | Lair:4   | Learned a level 5 spell: Summon Forest
 24676 | Lair:4   | Reached skill level 1 in Translocations
 25120 | Lair:4   | Found a staircase to the Slime Pits.
 25120 | Lair:4   | Found a viscous altar of Jiyva.
 26216 | Lair:5   | Entered Level 5 of the Lair of Beasts
 26368 | Lair:5   | HP: 2/63 [molten gargoyle/+0 mace (17)]
 26368 | Lair:5   | Slain by a molten gargoyle
 26369 | Lair:5   | Reached XP level 12. HP: -3/60 MP: 14/27
 26369 | Lair:5   | Noticed Rupert
 26403 | Lair:5   | Killed Rupert
 26404 | Lair:5   | Reached skill level 5 in Translocations
 26782 | Lair:5   | Reached skill level 15 in Dodging
 27044 | Lair:5   | Found a large runed translucent door.
 27044 | Lair:5   | Found a large runed translucent door.
 27044 | Lair:5   | Noticed a fire dragon
 27069 | Lair:5   | Noticed a five-headed hydra
 27078 | Lair:5   | Killed a fire dragon
 27254 | Lair:5   | Killed a five-headed hydra
 27255 | Lair:5   | Reached XP level 13. HP: 53/63 MP: 8/28
 28557 | Lair:5   | Found a sacrificial altar of Ru.
 30810 | Orc:1    | Entered Level 1 of the Orcish Mines
 31849 | Orc:1    | Killed from afar by an orc high priest
 31850 | Orc:1    | Reached XP level 12. HP: -2/59 MP: 13/27
 32420 | Orc:2    | Entered Level 2 of the Orcish Mines
 32469 | Orc:2    | Found a staircase to the Elven Halls.
 33587 | Orc:2    | Noticed an orc warlord
 33588 | Orc:2    | Noticed an orc high priest
 33605 | Orc:1    | Found Nanom's Book Boutique.
 33649 | Orc:1    | HP: 3/61 [orc sorcerer/bolt of fire[an orc knight] (20)]
 33673 | Orc:1    | Reached skill level 10 in Translocations
 34256 | Orc:1    | Killed an orc high priest
 34295 | Orc:1    | Reached XP level 13. HP: 30/62 MP: 3/29
 34302 | Orc:1    | Killed from afar by an orc sorcerer

Illustrated notes

Levels and vault maps discovered:
D:1:      psy_arrival_basics, layout_rooms
D:2:      layout_basic, basic_altar, uniq_robin, uniq_sigmund
D:3:      layout_basic, cheibrodos_sewer_entry_drain, serial_co_window_serial,
          co_window_corner_a, co_window_corner_a, co_window_cross_1,
          co_window_corner_a, co_window_corner_a, co_window_paths_a,
          co_window_paths_b, co_window_corner_b, co_window_paths_c,
          co_window_corner_b, co_window_corner_b, co_window_of_opportunity_c,
          glass_columns_b, columned_hall_lemuel
D:4:      layout_rooms, chequers_serial_rivers_micro_c, grunt_ministairs_15,
          uniq_grinder
D:5:      layout_cave_pools, grunt_decor_cap, serial_bayou_ford_a,
          kennysheep_path_1
D:6:      layout_loops_ring, nicolae_ru_awakened_eye,
          minmay_temple_entry_mini_moons, nicolae_eternal_life,
          uniq_prince_ribbit1
D:7:      minmay_slanted_spiral_squares, layout_basic, minmay_splitting_lines
D:8:      layout_basic
D:9:      layout_irregular_city, dpeg_lair_monsters
D:10:     lemuel_ice_statue, layout_loops_cross, serial_shops,
          nicolae_shop_peninsula
D:11:     kennysheep_spiral_hall, layout_small_grid
D:12:     layout_rooms, orc_0_dummy, uniq_frances, uniq_lodul, uniq_erolcha
D:13:     nicolae_cairo_tiling_large_dashed, layout_grid_maze,
          ebering_ghost_reflecting_pool, uniq_kirke
Temple:   minmay_crystal_snake_temple
Lair:1:   layout_concentric_octagons, st_stairs_4, lemuel_fruit_fields,
          infiniplex_staircase_pool_2, lemuel_fruit_tree, uniq_sonja
Lair:2:   layout_cave_pods, nicolae_swamp_entry_splash_gauntlet,
          nicolae_spider_entry_lesser_pyramids, infiniplex_staircase_pool
Lair:3:   layout_roguey, grunt_megastairs_5
Lair:4:   layout_regular_city, minmay_slime_entry_pillars,
          hangedman_lair_unloving_vines
Lair:5:   cheibrodos_lair_end_hotspot, layout_gridlike, basic_altar, uniq_rupert
Orc:1:    layout_diamond_mine, serial_shops, nicolae_book_shop_shelving
Orc:2:    st_orc_congregation, layout_diamond_mine

Skill      XL: |  1  2  3  4  5  6  7  8  9 10 11 12 13 |
---------------+----------------------------------------+-----
Stealth        | 3 |  3.0
Dodging        | 3 4 5 7 8 9 10 11 15 14 | 15.8
Fighting       | 1 2 3 4 5 6 7 8 12 11 | 12.1
Spellcasting   | 3 5 6 7 8 11 10 | 11.0
Summonings     | 5 7 8 9 10 11 | 11.2
Hexes          | 3 5 |  5.0
Air Magic      | 2 3 4 5 6 7 |  7.0
Poison Magic   | 2 3 |  3.0
Fire Magic     | 2 3 |  3.0
Translocations | 10 9 | 10.0

Action                     |  1- 3 |  4- 6 |  7- 9 | 10-12 | 13-15 || total
---------------------------+-------+-------+-------+-------+-------++-------
  Melee: Unarmed           |    12 |    35 |    31 |    18 |    35 ||   131
         Bite              |       |     5 |     6 |     3 |     6 ||    20
         Punch             |       |     1 |     1 |       |       ||     2
   Cast: Summon Small Mamm |    26 |    40 |    56 |    12 |    13 ||   147
         Call Imp          |     8 |    14 |    31 |    17 |    11 ||    81
         Call Canine Famil |     3 |    17 |    47 |    43 |    30 ||   140
         Summon Guardian G |       |     2 |    27 |    42 |    22 ||    93
         Summon Lightning  |       |       |    18 |    93 |    51 ||   162
         Inner Flame       |       |       |    11 |   118 |   103 ||   232
         Poisonous Vapours |       |       |     4 |   111 |    64 ||   179
         Summon Forest     |       |       |       |     7 |     5 ||    12
 Invoke: Potion Petition   |       |       |       |     5 |     1 ||     6
  Evoke: Wand              |       |       |     3 |    18 |    15 ||    36
         Phial of floods   |       |       |       |     1 |       ||     1
    Use: Scroll            |       |     5 |     5 |    26 |     5 ||    41
         Potion            |       |       |     4 |    11 |     3 ||    18
   Stab: Sleeping          |     1 |     3 |     1 |       |     1 ||     6
         Distracted        |       |       |       |     1 |     2 ||     3
 Armour: Skin              |       |     2 |     4 |     3 |     4 ||    13
  Dodge: Dodged            |    22 |    36 |   103 |   162 |   119 ||   442
